 Dungeon Crawl Stone Soup version 0.16.1-11-g651b585 (webtiles) character file.

7734 nubinia the Destroyer (level 10, 0/78 HPs)
             Began as a Demigod Conjurer on Apr 6, 2015.
             Slain by a yak (8 damage)
             ... on level 10 of the Dungeon.
             The game lasted 01:14:50 (15063 turns).

nubinia the Destroyer (Demigod Conjurer)           Turns: 15063, Time: 01:14:50

Health: 0/78       AC:  4    Str: 16    XL:     10   Next: 69%
Magic:  19/26      EV: 15    Int: 21    God:
Gold:   550        SH:  4    Dex: 18    Spells: 4 memorised, 7 levels left

rFire  + . .     SeeInvis .     a - +8 trident of Irritation {pierce, Str+3}
rCold  . . .     Clarity  .     D - +0 leather armour {rPois}
rNeg   . . .     SustAb   +     Q - +0 buckler
rPois  +         Gourm    .     (no helmet)
rElec  .         Spirit   .     (no cloak)
rCorr  .         Warding  .     V - +0 pair of gloves
rMut   .         Stasis   .     (no boots)
MR     ++...                    k - amulet of regeneration
Stlth  +++.......               x - ring of protection from magic
                                h - ring of protection from fire

@: very resistant to hostile enchantments, fairly stealthy
A: sustain abilities
a: no special abilities


You were on level 10 of the Dungeon.
You were not hungry.

You visited 1 branch of the dungeon, and saw 10 of its levels.

You collected 635 gold pieces.
You spent 85 gold pieces at shops.

Inventory:

Hand weapons
 a - the +8 trident of Irritation (weapon) {pierce, Str+3}
   (You found it on level 5 of the Dungeon)

   It inflicts extra damage upon your enemies.
   It affects your strength (+3).
 b - a +1 blowgun
 S - a +2 short sword of protection
Missiles
 y - 44 poisoned needles
 N - 7 needles of confusion
Armour
 D - a +0 leather armour of poison resistance (worn)
 Q - a +0 buckler (worn)
 V - a +0 pair of gloves (worn)
Magical staves
 T - an uncursed staff of conjuration
Rods
 L - a +0 rod of shadows (10/10)
   (You found it on level 6 of the Dungeon)
Jewellery
 h - a ring of protection from fire (left hand)
 k - an amulet of regeneration (around neck)
 x - a ring of protection from magic (right hand)
 R - an uncursed amulet of stasis
 X - an uncursed ring of flight
Magical devices
 u - a wand of magic darts (16)
 B - a wand of slowing (20)
 C - a wand of fire (7)
 G - a wand of flame (13)
 J - a wand of draining (2)
 P - a wand of paralysis (6)
 Z - a wand of digging (12)
Scrolls
 e - 4 scrolls of identify
 g - a scroll of magic mapping {unknown}
 i - 4 scrolls of remove curse
 n - a scroll of amnesia {unknown}
 o - a scroll of noise {unknown}
 r - a scroll of fog {unknown}
 t - a scroll of enchant armour {unknown}
 E - 2 scrolls of enchant weapon
 K - a scroll of recharging {unknown}
 M - a scroll of summoning {unknown}
 Y - a scroll of vulnerability {unknown}
Potions
 f - 3 potions of might
 j - 4 potions of curing
 l - a potion of lignification
 m - a potion of heal wounds
 z - a potion of brilliance
 A - 4 potions of restore abilities
 I - a potion of berserk rage
 W - a potion of ambrosia
Books
 c - a book of Conjurations

   Spells                             Type                      Level
   a - Magic Dart                     Conjuration                  1
   b - Searing Ray                    Conjuration                  2
   c - Dazzling Spray                 Conjuration/Hexes            3
   d - Fulminant Prism                Conjuration/Hexes            4
   e - Iskenderun's Mystic Blast      Conjuration                  4
   f - Iskenderun's Battlesphere      Conjuration/Charms           5
 v - a book of Debilitation

   Spells                             Type                      Level
   a - Corona                         Hexes                        1
   b - Slow                           Hexes                        2
   c - Inner Flame                    Hexes/Fire                   3
   d - Enslavement                    Hexes                        4
   e - Cause Fear                     Hexes                        4
   f - Leda's Liquefaction            Hexes/Earth                  4
 F - a book of Burglary

   Spells                             Type                      Level
   a - Swiftness                      Charms/Air                   2
   b - Passwall                       Transmutation/Earth          3
   c - Passage of Golubria            Translocation                4
   d - Lee's Rapid Deconstruction     Earth                        5
   e - Invisibility                   Hexes                        6
   f - Darkness                       Hexes                        7
 O - a book of Cantrips

   Spells                             Type                      Level
   a - Corona                         Hexes                        1
   b - Animate Skeleton               Necromancy                   1
   c - Summon Small Mammal            Summoning                    1
   d - Apportation                    Translocation                1
Comestibles
 d - a slice of pizza
 p - 3 beef jerkies
 q - 4 meat rations
 w - 7 bread rations
 H - a chunk of flesh
 U - 25 fruits


   Skills:
 + Level 3.8 Fighting
 + Level 0.5 Short Blades
 + Level 3.3 Polearms
 + Level 2.2 Throwing
 + Level 3.7 Armour
 + Level 5.6 Dodging
 + Level 5.1 Stealth
 + Level 1.0 Shields
 + Level 5.9 Spellcasting
 + Level 8.0 Conjurations
 + Level 4.3 Hexes
 * Level 5.1 Charms


You had 7 spell levels left.
You knew the following spells:

 Your Spells              Type           Power        Failure   Level  Hunger
a - Magic Dart            Conj           ####         1%          1    None
b - Dazzling Spray        Conj/Hex       ####....     4%          3    ##.....
d - Iskenderun's Mystic   Conj           #####...     8%          4    ####...
i - Iskenderun's Battles  Conj/Chrm      ####....     34%         5    #####..


Dungeon Overview and Level Annotations

Branches:
Dungeon (10/15)            Temple (0/1) D:6             Orc (0/4) D:9
   Lair: D:8-11

Shops:
D:5 (   D:8 :[(


Innate Abilities, Weirdness & Mutations

Your attributes are resistant to harm.


Message History

The orc warrior is dazzled.
The yak misses you. You block the orc warrior's attack.
You hit the orc warrior.
The orc warrior is severely wounded.
The yak is no longer blind.
The yak gores you!
* * * LOW HITPOINT WARNING * * *
The orc warrior completely misses you.
Unknown command.
You catch the helpless orc warrior completely off-guard!
You hit the orc warrior but do no damage.
The orc warrior is severely wounded.
You hit the orc warrior.
The orc warrior is almost dead.
The yak gores you!
* * * LOW HITPOINT WARNING * * *
The orc warrior closely misses you.
You hit the orc warrior.
You kill the orc warrior!
The yak gores you!
You die...

#....# ####
# ....# #
#Y#...#
#Y#Y#.#
#.Y...#
###.### #.#
#Y######.##.
#YY@)oo....>
########....


You could see 3 yaks and 2 orcs.

Vanquished Creatures
  The ghost of karlm the Fighter, an experienced FoFi (D:8)
  A wyvern (D:9)
  5 yaks (D:10)
  A deep elf fighter (D:7)
  A hippogriff (D:4)
  Menkaure (D:6)
  8 orc warriors
  A black bear (D:7)
  9 centaurs
  3 ice beasts
  2 phantoms
  3 sky beasts
  An ogre (D:7)
  A wasp (D:10)
  2 necrophages
  3 big kobolds
  A gnoll sergeant (D:9)
  A water moccasin zombie (D:9)
  6 giant frogs
  2 scorpions (D:7)
  13 killer bees
  3 wights (D:5)
  A goliath beetle (D:8)
  4 crimson imps
  6 hounds
  A quasit (D:9)
  9 orc priests
  2 centaur skeletons
  A jelly (D:6)
  2 gnoll shamans (D:7)
  A giant frog skeleton (D:8)
  12 orc wizards
  An iguana (D:9)
  Natasha (thrice) (D:5)
  5 worker ants
  Ijyb (D:7)
  3 hound skeletons
  A worker ant zombie (D:5)
  23 gnolls
  13 adders
  A white imp (D:5)
  3 worms (D:3)
  An adder zombie (D:7)
  2 adder skeletons
  9 giant geckos
  65 orcs
  2 ball pythons
  9 giant cockroaches
  25 hobgoblins
  6 jackals
  17 kobolds
  19 bats
  7 giant newts
  2 giant spores
  17 goblins
  A jackal skeleton (D:9)
  4 quokkas
  A quokka zombie (D:5)
  23 rats
  A ballistomycete (D:7)
373 creatures vanquished.

Vanquished Creatures (others)
  A gnoll sergeant (D:7)
  2 gnolls (D:7)
  An orc (D:9)
  A ballistomycete (D:6)
5 creatures vanquished.

Grand Total: 378 creatures vanquished

Notes
Turn   | Place    | Note
--------------------------------------------------------------
     0 | D:1      | nubinia, the Demigod Conjurer, began the quest for the Orb.
     0 | D:1      | Reached XP level 1. HP: 14/14 MP: 3/3
   394 | D:1      | Reached XP level 2. HP: 20/20 MP: 0/4
   498 | D:1      | Reached skill level 4 in Conjurations
  1601 | D:2      | Reached XP level 3. HP: 16/26 MP: 0/7
  1606 | D:2      | Learned a level 3 spell: Dazzling Spray
  1854 | D:2      | Found a basalt altar of Yredelemnul.
  2547 | D:2      | Reached XP level 4. HP: 33/33 MP: 2/10
  3108 | D:2      | Reached skill level 5 in Conjurations
  3308 | D:3      | Reached XP level 5. HP: 39/39 MP: 1/12
  3895 | D:3      | Reached XP level 6. HP: 36/46 MP: 2/17
  4059 | D:3      | Found a shadowy altar of Dithmenos.
  4377 | D:3      | Found a snail-covered altar of Cheibriados.
  5466 | D:4      | Reached skill level 1 in Fighting
  5597 | D:5      | Entered Level 5 of the Dungeon
  5672 | D:5      | Noticed a hippogriff
  5682 | D:4      | HP: 1/47 [hippogriff (9)]
  5865 | D:4      | Killed a hippogriff
  5865 | D:4      | Reached skill level 6 in Conjurations
  5865 | D:4      | Reached skill level 1 in Hexes
  5865 | D:4      | Reached XP level 7. HP: 52/52 MP: 3/19
  6255 | D:5      | Found an iron altar of Okawaru.
  6415 | D:5      | Noticed Natasha
  6438 | D:5      | Killed Natasha
  6450 | D:5      | Noticed Natasha
  6461 | D:5      | Killed Natasha
  6504 | D:5      | Noticed Natasha
  6507 | D:5      | Killed Natasha
  6610 | D:5      | Reached skill level 1 in Throwing
  7099 | D:5      | Reached skill level 1 in Armour
  7099 | D:5      | Reached XP level 8. HP: 59/59 MP: 16/21
  7232 | D:5      | Got a crystal trident
  7254 | D:5      | Identified the +8 trident of Irritation {pierce, Str+3} (You found it on level 5 of the Dungeon)
  7386 | D:5      | Found Wibuwk's Weapon Shoppe.
  7413 | D:6      | Found a stormy altar of Qazlal.
  7413 | D:6      | Found a sparkling altar of Nemelex Xobeh.
  7606 | D:6      | Noticed Menkaure
  7623 | D:6      | Killed Menkaure
  7869 | D:6      | Gained mutation: Your magical capacity is low (-10% MP). [mutagenic meat]
  7870 | D:6      | Lost mutation: Your magical capacity is low (-10% MP). [potion of cure mutation]
  7948 | D:6      | Reached skill level 1 in Polearms
  8031 | D:6      | Reached skill level 7 in Conjurations
  8100 | D:6      | Learned a level 5 spell: Iskenderun's Battlesphere
  8246 | D:6      | Found a staircase to the Ecumenical Temple.
  8449 | D:6      | Identified a +0 rod of shadows (10/10) (You found it on level 6 of the Dungeon)
  8536 | D:7      | Reached skill level 1 in Charms
  8684 | D:7      | Noticed Ijyb
  8694 | D:7      | Killed Ijyb
  8751 | D:7      | Reached XP level 9. HP: 45/67 MP: 23/23
  9117 | D:7      | Reached skill level 5 in Spellcasting
  9155 | D:7      | Learned a level 4 spell: Iskenderun's Mystic Blast
 10135 | D:7      | Noticed a hill giant
 10710 | D:8      | Found Froirael's Book Boutique.
 10743 | D:8      | Noticed karlm's ghost (experienced FoFi)
 11419 | D:8      | Found Oqaceam's Antique Armour Emporium.
 11428 | D:8      | Bought a pair of gloves for 85 gold pieces
 11843 | D:8      | Reached XP level 10. HP: 75/75 MP: 23/25
 11981 | D:8      | Killed karlm's ghost
 12308 | D:8      | Found Chasm's Weapon Shop.
 12418 | D:8      | Reached skill level 5 in Dodging
 13099 | D:9      | Found a staircase to the Orcish Mines.
 13296 | D:9      | Found an iron altar of Okawaru.
 13662 | D:9      | Reached skill level 1 in Shields
 13945 | D:9      | Found a sacrificial altar of Ru.
 14215 | D:10     | Entered Level 10 of the Dungeon
 14336 | D:10     | Reached skill level 8 in Conjurations
 14336 | D:10     | Reached skill level 5 in Charms
 14356 | D:10     | Reached skill level 5 in Stealth
 14797 | D:10     | Found a bloodstained altar of Trog.
 15063 | D:10     | Slain by a yak

Action                   |  1- 3 |  4- 6 |  7- 9 | 10-12 || total
-------------------------+-------+-------+-------+-------++-------
Melee: Dagger            |    25 |   100 |    56 |       ||   181
       Short sword       |       |       |    17 |       ||    17
       Trident           |       |       |   248 |   135 ||   383
 Fire: Blowgun           |       |     5 |    21 |    11 ||    37
 Cast: Magic Dart        |    82 |   156 |   191 |    50 ||   479
       Dazzling Spray    |     1 |    17 |    61 |    50 ||   129
       Iskenderun's Myst |       |       |     5 |     3 ||     8
       Iskenderun's Batt |       |       |       |     1 ||     1
  Use: Potion            |     1 |     5 |     3 |       ||     9
       Scroll            |     1 |     4 |     4 |     5 ||    14
 Stab: Sleeping          |     1 |     2 |     5 |     6 ||    14
       Invisible         |       |     2 |     7 |    14 ||    23
  Eat: Chunk             |     6 |    12 |    29 |    12 ||    59
       Royal jelly       |       |       |     1 |       ||     1
       Beef jerky        |       |       |       |     1 ||     1
